 Dungeon Crawl Stone Soup version 0.26-a0-29-gb080af9 (webtiles) character file.

Game seed: 2893883658978547505, levelgen mode: deterministic

93 Ayyar the Grasshopper (level 4, -8/38 HPs)
             Began as a Gnoll Warper on May 28, 2020.
             Killed from afar by an orc wizard (9 damage)
             ... with a magic dart
             ... on level 2 of the Dungeon.
             The game lasted 00:08:00 (2068 turns).

Ayyar the Grasshopper (Gnoll Warper)                Turns: 2068, Time: 00:08:01

Health: -8/38      AC:  3    Str: 14    XL:     4   Next: 61%
Magic:  11/11      EV: 14    Int: 16    God:
Gold:   133        SH:  0    Dex: 14    Spells: 11/13 levels left

rFire    . . .     SeeInvis .   a - +0 spear
rCold    . . .     Gourm    .   (no shield)
rNeg     . . .     Faith    .   b - +0 leather armour
rPois    .         Spirit   .   (no helmet)
rElec    .         Reflect  .   (no cloak)
rCorr    .         Harm     .   (no gloves)
MR       .....                  (no boots)
Stlth    ++........             (no amulet)
HPRegen  0.12/turn              (no ring)
MPRegen  0.12/turn              (no ring)

@: no status effects
A: distributed training, fangs 1, strong nose
a: no special abilities


You were on level 2 of the Dungeon.
You were not hungry.

You visited 1 branch of the dungeon, and saw 3 of its levels.

You collected 133 gold pieces.

Inventory:

Hand Weapons
 a - a +0 spear (weapon)
Missiles
 e - 5 boomerangs of dispersal
 h - 3 boomerangs (quivered)
Armour
 b - a +0 leather armour (worn)
 l - a +0 kite shield
Scrolls
 c - 2 scrolls of teleportation {unknown}
 d - a scroll of blinking
 i - 2 scrolls of remove curse {unknown}
 k - a scroll of fear {unknown}
 m - 2 scrolls of identify {unknown}
 n - a scroll of noise {unknown}
 o - 2 scrolls of magic mapping {unknown}
Potions
 j - a potion of haste
Comestibles
 f - 5 rations
 g - 2 chunks of flesh


   Skills:
 + Level 4.6 Fighting
 + Level 1.2 Short Blades
 + Level 1.2 Long Blades
 + Level 1.2 Axes
 + Level 1.2 Maces & Flails
 + Level 4.6 Polearms
 + Level 1.2 Staves
 + Level 1.2 Slings
 + Level 1.2 Bows
 + Level 1.2 Crossbows
 + Level 2.8 Throwing
 + Level 2.8 Armour
 + Level 4.6 Dodging
 + Level 1.2 Stealth
 + Level 1.2 Shields
 + Level 1.2 Unarmed Combat
 + Level 5.1 Spellcasting
 + Level 1.0 Conjurations
 + Level 1.0 Hexes
 + Level 1.0 Charms
 + Level 1.0 Summonings
 + Level 1.0 Necromancy
 + Level 5.5 Translocations
 + Level 1.0 Transmutations
 + Level 1.0 Fire Magic
 + Level 1.0 Ice Magic
 + Level 1.0 Air Magic
 + Level 1.0 Earth Magic
 + Level 1.0 Poison Magic
 + Level 1.3 Invocations
 + Level 1.2 Evocations


You had 11 spell levels left.
You knew the following spells:

 Your Spells              Type           Power        Failure   Level  Hunger
a - Blink                 Tloc           N/A          3%          2    #......

Your spell library contained the following spells:

 Spells                   Type           Power        Failure   Level  Hunger
 Gell's Gravitas          Tloc           ###.......   6%          3    ###....
 Lesser Beckoning         Tloc           ###.......   6%          3    ###....
 Teleport Other           Tloc           ###.....     6%          3    ###....
 Shroud of Golubria       Chrm/Tloc      ##....       8%          2    #......
 Passage of Golubria      Tloc           N/A          19%         4    ####...


Dungeon Overview and Level Annotations

Branches:
Dungeon (3/15)

Altars:
Nemelex Xobeh


Innate Abilities, Weirdness & Mutations

Your experience applies equally to all skills.
You have very sharp teeth.
Your uncanny sense of smell can sniff out nearby items.


Message History

The orc wizard hits you but does no damage.
The orc wizard gestures at you while chanting.
You are more confused.
Okay, then.
You're too confused!
The orc wizard casts a spell.
The orc wizard flickers and vanishes!
Deactivating autopickup; reactivate with Ctrl-A.
You see here a +0 hand axe.
You hit something. Something hits you.
* * * LOW HITPOINT WARNING * * *
Something hits you.
* * * LOW HITPOINT WARNING * * *
You hear some strange, mumbled words.
A puff of flame appears from out of thin air!
The puff of flame misses you.
You feel less confused.
A magic dart appears from out of thin air!
The magic dart hits you!
You die...

#.#.###.#.#.###########..#
##.#.###.#.#.#............#
#..[.....#.#.#.##########.#
#.#####..#.#.#.# #.# #.#
#..#.#.#.##########.# #.#
#...................# #.#
#.<#.#...############
#.#####..#.#..##
#.>......#.#.@#
##.#####.#.#..########
#.#####.#.#..)......### ###
#(...(.....{.รท>.......#
#.. ####.......########.#.#
#.# #.#####.# #.#.# #.# #.#
#.# #.#.#####.# #.# #.#
#.#.^.....# #.# #.#
#.#######)#


There were no monsters in sight!

Vanquished Creatures
  2 adders (D:2)
  2 dart slugs (D:2)
  3 worms (D:2)
  5 leopard geckos
  An orc (D:2)
  4 giant cockroaches
  8 goblins
  5 hobgoblins
  5 jackals
  6 kobolds
  A quokka (D:2)
  A ball python (D:1)
  3 bats (D:2)
  4 frilled lizards
  6 rats
56 creatures vanquished.

Notes
Turn   | Place    | Note
-------+----------+-------------------------------------------
     0 | D:1      | Ayyar the Gnoll Warper began the quest for the Orb.
     0 | D:1      | Reached XP level 1. HP: 20/20 MP: 6/6
     2 | D:1      | Noticed a dwarf
     2 | D:1      | Noticed a felid
     4 | D:1      | Noticed a demonspawn
     4 | D:1      | Noticed a gargoyle
     6 | D:1      | Noticed a tengu
     6 | D:1      | Noticed a vampire
     8 | D:1      | Noticed a troll
    10 | D:1      | Noticed an elf
    10 | D:1      | Noticed a spriggan
    12 | D:1      | Noticed a naga
    14 | D:1      | Noticed an octopode
    14 | D:1      | Noticed a halfling
    16 | D:1      | Noticed an ogre
    18 | D:1      | Noticed a formicid
    18 | D:1      | Noticed a demigod
    21 | D:1      | Noticed a merfolk
    21 | D:1      | Noticed a ghoul
    23 | D:1      | Noticed a draconian
    25 | D:1      | Noticed a human
    25 | D:1      | Noticed a minotaur
    27 | D:1      | Noticed a centaur
    27 | D:1      | Noticed a vine stalker
   155 | D:1      | Reached XP level 2. HP: 26/26 MP: 7/7
   167 | D:1      | Learned a level 2 spell: Blink
   717 | D:2      | Reached XP level 3. HP: 23/31 MP: 9/9
   803 | D:2      | Reached skill level 5 in Spellcasting
  1035 | D:2      | Reached skill level 1 in Invocations
  1218 | D:2      | Reached skill level 1 in Short Blades
  1218 | D:2      | Reached skill level 1 in Long Blades
  1218 | D:2      | Reached skill level 1 in Axes
  1218 | D:2      | Reached skill level 1 in Maces & Flails
  1218 | D:2      | Reached skill level 1 in Staves
  1218 | D:2      | Reached skill level 1 in Slings
  1218 | D:2      | Reached skill level 1 in Bows
  1218 | D:2      | Reached skill level 1 in Crossbows
  1218 | D:2      | Reached skill level 1 in Stealth
  1218 | D:2      | Reached skill level 1 in Shields
  1218 | D:2      | Reached skill level 1 in Unarmed Combat
  1218 | D:2      | Reached skill level 1 in Evocations
  1386 | D:2      | Reached XP level 4. HP: 37/38 MP: 11/11
  2007 | D:3      | Found a sparkling altar of Nemelex Xobeh.
  2018 | D:2      | Reached skill level 1 in Conjurations
  2018 | D:2      | Reached skill level 1 in Hexes
  2018 | D:2      | Reached skill level 1 in Charms
  2018 | D:2      | Reached skill level 1 in Summonings
  2018 | D:2      | Reached skill level 1 in Necromancy
  2018 | D:2      | Reached skill level 1 in Transmutations
  2018 | D:2      | Reached skill level 1 in Fire Magic
  2018 | D:2      | Reached skill level 1 in Ice Magic
  2018 | D:2      | Reached skill level 1 in Air Magic
  2018 | D:2      | Reached skill level 1 in Earth Magic
  2018 | D:2      | Reached skill level 1 in Poison Magic
  2066 | D:2      | HP: 1/38 [something (4)]
  2068 | D:2      | Killed from afar by an orc wizard

Illustrated notes

Levels and vault maps discovered:
D:1:      kb_arrival_jail, layout_loops_ring, minmay_tall_x
D:2:      layout_loops_ring, first_ration, wander_ebering_terrifying_dragon_lair
D:3:      layout_rooms, lemuel_round_altar, lemuel_round_altar,
          chequers_ecumenical_altar_simple_redux, hangedman_decor_opposing

Skill      XL: |  1  2  3  4 |
---------------+-------------+-----
Spellcasting   | 5 |  5.1
Invocations    | 1 |  1.3
Short Blades   | 1 |  1.2
Long Blades    | 1 |  1.2
Axes           | 1 |  1.2
Maces & Flails | 1 |  1.2
Staves         | 1 |  1.2
Slings         | 1 |  1.2
Bows           | 1 |  1.2
Crossbows      | 1 |  1.2
Stealth        | 1 |  1.2
Shields        | 1 |  1.2
Unarmed Combat | 1 |  1.2
Evocations     | 1 |  1.2
Conjurations   | 1 |  1.0
Hexes          | 1 |  1.0
Charms         | 1 |  1.0
Summonings     | 1 |  1.0
Necromancy     | 1 |  1.0
Transmutations | 1 |  1.0
Fire Magic     | 1 |  1.0
Ice Magic      | 1 |  1.0
Air Magic      | 1 |  1.0
Earth Magic    | 1 |  1.0
Poison Magic   | 1 |  1.0
Fighting       | |  4.6
Polearms       | |  4.6
Throwing       | |  2.8
Armour         | |  2.8
Dodging        | |  4.6
Translocations | |  5.5

Action                   |  1- 3 |  4- 6 || total
-------------------------+-------+-------++-------
Melee: Spear             |   123 |    67 ||   190
       Bite              |    15 |     3 ||    18
Throw: Boomerang         |     3 |    19 ||    22
 Stab: Sleeping          |     1 |     3 ||     4
  Eat: Chunk             |     2 |     2 ||     4
Armor: Leather armour    |    10 |     5 ||    15
Dodge: Dodged            |    58 |    36 ||    94

Table legend:
 A = Non-vault XP
 B = Vault XP
 C = Vault XP percentage of total XP
 D = Non-vault monster count
 E = Vault monster count
 F = Vault count percentage of total count
                 A         B        C        D         E       F
            +---------+---------+-------+---------+---------+-------
      Total |     125 |       8 |   6.0 |      51 |       5 |   8.9
            +---------+---------+-------+---------+---------+-------
        D:1 |      23 |       7 |  23.3 |      14 |       4 |  22.2
        D:2 |     102 |       1 |   1.0 |      37 |       1 |   2.6
            +---------+---------+-------+---------+---------+-------
